 Dungeon Sprint DCSS version 0.29-a0-962-gc8bbfd0a37 (webtiles) character file.

Game seed: 15654564664671303234

20715 mhtbhm the Impaler (level 12, -8/118 HPs)
             Began as a Merfolk Fighter on July 30, 2022.
             Was an Initiate of Gozag.
             Mangled by a spriggan berserker
             ... wielding a +0 antimagic rapier
              (28 damage)
             ... in the Dungeon (Sprint IX: "|||||||||||||||||||||||||||||").
             The game lasted 00:08:10 (4931 turns).

mhtbhm the Impaler (Merfolk Fighter)                Turns: 4931, Time: 00:08:11

Health: -8/118     AC: 28    Str: 24    XL:     12   Next: 82%
Magic:  0/12       EV: 11    Int:  8    God:    Gozag
Gold:   1221       SH:  0    Dex: 13    Spells: 11/11 levels left

rFire   . . .      SeeInvis +   a - +14 obsidian axe {vorpal, Mesm Drain Fly SInv}
rCold   + . .      Faith    .   (no shield)
rNeg    . . .      Spirit   +   b - +6 chain mail of the Thinker {Rampage rC+}
rPois   .          Reflect  .   B - +2 hat of the Bear Spirit {Spirit, *Rage Will++}
rElec   .          Harm     .   z - +1 cloak
rCorr   +          Rampage  +   v - +0 pair of gloves
Will    ++...      Rage     20% k - +0 pair of boots
Stlth   +......... NoTele   +   w - amulet "Nuabevusm" {Regen+ rCorr}
HPRegen 1.09/turn               l - +2 ring of protection
MPRegen 0.13/turn               m - +3 ring of strength

@: lethally poisoned (-8 -> -9), gold aura, on berserk cooldown, flying,
mesmerised, slowed, studying Dodging, very slow
A: (nimble swimmer 2), mertail
a: Renounce Religion, Potion Petition, Call Merchant, Bribe Branch


You were in the Dungeon.
You worshipped Gozag.
Gozag was most pleased with you.
You visited 1 branch You collected 9181 gold pieces.
You spent 5552 gold pieces at shops.
You paid 2408 gold pieces to Gozag.

Inventory:

Hand Weapons
 a - the +14 obsidian axe (weapon) {vorpal, Mesm Drain Fly SInv}
   (You bought it in a shop in the Dungeon)

   It inflicts extra damage upon your enemies.
   It occasionally summons demons to assist the wielder when it strikes in
   combat.
   Its wielder is mesmerised by any visible foes.
   It cannot be unequipped while any foes are visible.
   SInv:      It lets you see invisible.
   Fly:       It grants you flight.
   Drain:     It drains your maximum health when unequipped.
Armour
 b - the +6 chain mail of the Thinker (worn) {Rampage rC+}
   (You found it in the Dungeon)

   rC:        It protects you from cold.
   Rampage:   It bestows one free step when moving towards enemies.
 c - a +0 buckler
 k - a +0 pair of boots (worn)
 v - a +0 pair of gloves (worn)
 z - a +1 cloak (worn)
 B - the +2 hat of the Bear Spirit (worn) {Spirit, *Rage Will++}
   (You bought it in a shop in the Dungeon)

   Going berserk makes the wearer tougher, and they're slowed less afterward.
   *Rage:     It berserks you when you make melee attacks (+20% chance).
   Will:      It greatly increases your willpower.
Jewellery
 j - the ring "Supriz" {rF- rN+++ Dex-3 SInv Stlth+}
   (You bought it in a shop in the Dungeon)

   [ring of see invisible]

   Dex:       It affects your dexterity (-3).
   rF:        It makes you vulnerable to fire.
   rN:        It renders you almost immune to negative energy.
   SInv:      It lets you see invisible.
   Stlth:     It makes you more stealthy.
 l - a +2 ring of protection (left hand)
 m - a +3 ring of strength (right hand)
 t - a ring of protection from cold
 w - the amulet "Nuabevusm" (around neck) {Regen+ rCorr}
   (You bought it in a shop in the Dungeon)

   [amulet of regeneration]

   Regen:     It increases your rate of health regeneration.
   rCorr:     It protects you from acid and corrosion.
 x - a ring of willpower
 y - a ring of protection from fire
Scrolls
 g - 2 scrolls of amnesia
 i - 3 scrolls of blinking
 q - 4 scrolls of enchant armour
 r - 2 scrolls of identify
 s - 2 scrolls of fog
 u - 2 scrolls of enchant weapon
Potions
 d - 2 potions of brilliance
 e - 6 potions of heal wounds
 f - 5 potions of curing
 h - 4 potions of magic
 n - 3 potions of might
 o - 2 potions of resistance
Miscellaneous
 p - a phantom mirror
 A - a condenser vane


   Skills:
 + Level 18.8 Fighting
 * Level 5.8(10.8) Axes
 - Level 20.9(21.5) Polearms
 + Level 13.7 Armour
 + Level 6.6 Dodging
 + Level 10.6 Stealth
 + Level 8.5 Shields
 + Level 5.4 Evocations


You had 11 spell levels left.
You didn't know any spells.
Your spell library was empty.

Dungeon Overview and Level Annotations

Branches:
Dungeon (1/1)

Altars:
Cheibriados
Dithmenos
Elyvilon
Fedhas
Gozag
Hepliaklqana
Kikubaaqudgha
Makhleb
Nemelex Xobeh
Okawaru
Qazlal
Ru
Sif Muna
Trog
Uskayaw
Vehumet
Wu Jian
Xom
Yredelemnul
Zin
The Shining One
Jiyva
Lugonu

Shops:
D [*(=*[(


Innate Abilities, Weirdness & Mutations

((You are very nimble when in or above water. (Stealth+, EV+, Speed+++)))
Your lower body shifts to a powerful aquatic tail in water.


Message History

The spriggan air mage shouts!
You slash the spriggan berserker!
The spriggan berserker is lightly wounded.
You feel very sick.
The spriggan berserker barely misses you.
Unknown command.
You miss the spriggan berserker.
The spriggan berserker is lightly wounded.
You feel very sick.
The spriggan air mage is no longer distracted by gold.
The spriggan berserker misses you.
The spriggan air mage waves its arms in wide circles.
The air twists around and strikes you.
You slash the spriggan berserker!
The spriggan berserker is moderately wounded.
You feel very sick.
The spriggan berserker hits you but does no damage.
Unknown command.
You slash the spriggan berserker!
Your punch misses the spriggan berserker.
The spriggan berserker is heavily wounded.
You are no longer berserk.
You are exhausted.
You feel yourself slow down.
You feel sick.
The spriggan berserker hits you with a +0 antimagic rapier!!
You feel your power leaking away.
You closely miss the spriggan berserker.
The spriggan berserker is heavily wounded.
You feel very sick.
The spriggan berserker hits you but does no damage.
The stone giant is distracted by your dazzling golden aura.
The spriggan berserker hits you with a +0 antimagic rapier!!
* * * LOW HITPOINT WARNING * * *
The stone giant shouts!
You slice the spriggan berserker!!
The spriggan berserker is almost dead.
You feel very sick.
The spriggan berserker hits you with a +0 antimagic rapier!!
You die...
Your body crumbles into a pile of gold.

........'........).).)...[.[..'..
▓▓▓▓▓▓▓▓▓▓▓▓▓▓▓▓▓▓▓▓▓▓▓▓▓▓▓▓▓▓▓▓▓
.........).).....................
▓▓▓▓▓▓▓▓▓▓▓▓▓▓▓▓▓▓▓▓▓▓▓▓▓▓▓▓▓▓▓▓▓
)......))....∩.∩.∩)∩)....'.......
▓▓▓▓▓▓▓▓▓▓▓▓▓▓▓▓▓▓▓▓▓▓▓▓▓▓▓▓▓▓▓▓▓
.................................
▓▓▓▓▓▓▓▓▓▓▓▓▓▓▓▓▓▓▓▓▓▓▓▓▓▓▓▓▓▓▓▓▓
......∩.∩'..$.$.@iCi....
▓▓▓▓▓▓▓▓▓▓▓▓▓▓▓▓▓▓▓▓▓▓▓▓


You could see a stone giant, a spriggan berserker (mesmerising, berserk,
regenerating, strong-willed) and a spriggan air mage (repels missiles).

Vanquished Creatures
  A very ugly thing (D)
  A stone giant (D)
  An ice dragon (D)
  4 ogre magi (D)
  A boulder beetle (D)
  A centaur warrior (D)
  Erica (D)
  6 two-headed ogres (D)
  4 lindwurms (D)
  An orc knight (D)
  3 ugly things (D)
  A cane toad (D)
  A rime drake (shapeshifter) (D)
  3 komodo dragons (D)
  An unseen horror (D)
  A rime drake (D)
  A slime creature (D)
  A tyrant leech (D)
  A blink frog (D)
  A dream sheep (D)
  A jumping spider (shapeshifter) (D)
  A wraith (D)
  2 yaks (D)
  3 basilisks (D)
  An acid dragon (D)
  6 water moccasins (D)
  10 orc warriors (D)
  An ice beast (D)
  4 ogres (D)
  A wolf (D)
  A centaur (D)
  A howler monkey (D)
  2 hounds (D)
  4 orc priests (D)
  An iguana (D)
  2 orc wizards (D)
  3 worms (D)
  6 orcs (D)
  A ball python (D)
  An endoplasm (D)
  A goblin (D)
  A hobgoblin (D)
  A jackal (D)
  A frilled lizard (D)
91 creatures vanquished.

Vanquished Creatures (collateral kills)
  A tengu warrior (D)
  A meliai (D)
2 creatures vanquished.

Vanquished Creatures (others)
  A boulder beetle (D)
  An orc knight (D)
  A shadow (D)
  A yak (D)
  A vampire mosquito (D)
  A howler monkey (D)
6 creatures vanquished.

Grand Total: 99 creatures vanquished

Notes
Turn   | Place    | Note
-------+----------+-------------------------------------------
     0 | D        | mhtbhm the Merfolk Fighter began the quest for the Orb.
     0 | D        | Reached XP level 1. HP: 18/18 MP: 1/1
    18 | D        | Reached skill level 3 in Polearms
    32 | D        | Banished a spatial maelstrom
   124 | D        | Noticed a hound
   124 | D        | Noticed a hound
   124 | D        | Noticed an iguana
   124 | D        | Noticed an ice beast
   129 | D        | Killed a hound
   130 | D        | Reached skill level 4 in Polearms
   130 | D        | Reached XP level 2. HP: 26/26 MP: 2/2
   130 | D        | Reached XP level 3. HP: 32/32 MP: 3/3
   136 | D        | Reached skill level 5 in Fighting
   136 | D        | Reached skill level 5 in Polearms
   136 | D        | Reached XP level 4. HP: 39/39 MP: 4/4
   148 | D        | Reached skill level 5 in Shields
   161 | D        | Killed an ice beast
   162 | D        | Reached skill level 7 in Polearms
   162 | D        | Reached skill level 5 in Armour
   162 | D        | Reached XP level 5. HP: 25/48 MP: 5/5
   174 | D        | Found a snail-covered altar of Cheibriados.
   174 | D        | Found a shadowy altar of Dithmenos.
   174 | D        | Found a white marble altar of Elyvilon.
   174 | D        | Found a blossoming altar of Fedhas.
   174 | D        | Found an opulent altar of Gozag.
   175 | D        | Found a hazy altar of Hepliaklqana.
   176 | D        | Found a viscous altar of Jiyva.
   177 | D        | Found an ancient bone altar of Kikubaaqudgha.
   178 | D        | Found a corrupted altar of Lugonu.
   179 | D        | Found a burning altar of Makhleb.
   180 | D        | Found a sparkling altar of Nemelex Xobeh.
   181 | D        | Found an iron altar of Okawaru.
   182 | D        | Found a stormy altar of Qazlal.
   183 | D        | Found a sacrificial altar of Ru.
   184 | D        | Found a shimmering blue altar of Sif Muna.
   185 | D        | Found a bloodstained altar of Trog.
   186 | D        | Found a hide-covered altar of Uskayaw.
   187 | D        | Found a radiant altar of Vehumet.
   188 | D        | Found an ornate altar of the Wu Jian Council.
   196 | D        | Became a worshipper of Gozag Ym Sagoz the Greedy
   204 | D        | Found a shimmering altar of Xom.
   205 | D        | Found a basalt altar of Yredelemnul.
   206 | D        | Found a glowing silver altar of Zin.
   207 | D        | Found a glowing golden altar of the Shining One.
   359 | D        | Noticed an acid dragon
   359 | D        | Noticed a yak
   359 | D        | Noticed a shadow
   359 | D        | Noticed a centaur
   361 | D        | Reached skill level 8 in Polearms
   364 | D        | Killed a shadow
   365 | D        | Reached skill level 9 in Polearms
   365 | D        | Reached XP level 6. HP: 43/57 MP: 6/6
   365 | D        | Killed a yak
   366 | D        | Reached skill level 10 in Polearms
   366 | D        | Reached XP level 7. HP: 24/63 MP: 7/7
   370 | D        | Reached skill level 11 in Polearms
   576 | D        | Noticed a boulder beetle
   576 | D        | Noticed a vampire mosquito
   576 | D        | Noticed a centaur warrior
   576 | D        | Noticed a two-headed ogre
   576 | D        | Noticed a wraith
   588 | D        | Killed a vampire mosquito
   591 | D        | Killed an unseen horror
   592 | D        | Reached skill level 10 in Fighting
   592 | D        | Reached skill level 1 in Stealth
   592 | D        | Reached skill level 1 in Evocations
   593 | D        | Killed a boulder beetle
   594 | D        | Reached skill level 12 in Polearms
   594 | D        | Reached XP level 8. HP: 54/73 MP: 8/8
   598 | D        | Killed a centaur warrior
   599 | D        | Reached skill level 13 in Polearms
   599 | D        | Reached XP level 9. HP: 46/81 MP: 9/9
   600 | D        | Killed a two-headed ogre
   601 | D        | Reached skill level 14 in Polearms
   601 | D        | Reached skill level 5 in Stealth
   615 | D        | Reached skill level 15 in Polearms
   971 | D        | Noticed a cane toad
   990 | D        | Killed a cane toad
   994 | D        | Reached skill level 16 in Polearms
   999 | D        | Reached skill level 1 in Dodging
   999 | D        | Reached XP level 10. HP: 46/91 MP: 10/10
  1452 | D        | Reached skill level 17 in Polearms
  1732 | D        | Reached skill level 10 in Armour
  1975 | D        | Noticed a lindwurm
  1975 | D        | Noticed a lindwurm
  1975 | D        | Noticed a lindwurm
  1975 | D        | Noticed a lindwurm
  1978 | D        | Killed a lindwurm
  2227 | D        | Killed a lindwurm
  2520 | D        | Killed a lindwurm
  2521 | D        | Reached skill level 18 in Polearms
  2527 | D        | Killed a lindwurm
  2528 | D        | Reached XP level 11. HP: 75/101 MP: 11/11
  2723 | D        | Noticed Erica
  2733 | D        | Killed Erica
  2792 | D        | Noticed a stone giant
  2800 | D        | Reached skill level 5 in Dodging
  2808 | D        | Killed a stone giant
  2809 | D        | Reached skill level 15 in Fighting
  2809 | D        | Reached skill level 19 in Polearms
  3040 | D        | Noticed an orc knight
  3040 | D        | Noticed an orc knight
  3050 | D        | Killed an orc knight
  3062 | D        | Killed an orc knight
  3963 | D        | Found Umucs's Jewellery Emporium.
  3963 | D        | Noticed an ogre mage
  3963 | D        | Noticed a two-headed ogre
  3963 | D        | Noticed a two-headed ogre
  3963 | D        | Noticed an ogre mage
  3963 | D        | Noticed a two-headed ogre
  3970 | D        | Killed an ogre mage
  3973 | D        | Noticed a two-headed ogre
  3976 | D        | Killed a two-headed ogre
  3982 | D        | Killed a two-headed ogre
  3983 | D        | Reached skill level 20 in Polearms
  3989 | D        | Killed an ogre mage
  3994 | D        | Killed a two-headed ogre
  3995 | D        | Reached skill level 10 in Stealth
  3995 | D        | Reached XP level 12. HP: 37/113 MP: 12/12
  4124 | D        | Killed a two-headed ogre
  4393 | D        | Found Vuc Tuho's General Store.
  4397 | D        | Found Odghosai's Antique Armour Emporium.
  4401 | D        | Found Wedean's Weapon Shoppe.
  4405 | D        | Noticed an ogre mage
  4406 | D        | Noticed an ogre mage
  4406 | D        | Noticed a two-headed ogre
  4417 | D        | Paralysed by something for 3 turns
  4422 | D        | Killed an ogre mage
  4431 | D        | Killed an ogre mage
  4439 | D        | Killed a two-headed ogre
  4476 | D        | Bought a translucent leather armour for 154 gold pieces
  4476 | D        | Identified the +0 leather armour of Valiance {Str+4 Dex+4}
                  | (You bought it in a shop in the Dungeon)
  4477 | D        | Bought a glowing chain mail for 165 gold pieces
  4490 | D        | Bought the ring "Supriz" {rF- rN+++ Dex-3 SInv Stlth+} for
                  | 357 gold pieces
  4490 | D        | Bought the amulet "Nuabevusm" {Regen+ rCorr} for 468 gold
                  | pieces
  4490 | D        | Bought an amulet of regeneration for 330 gold pieces
  4795 | D        | Got the +6 chain mail of the Thinker {Rampage rC+}
  4825 | D        | Bought a runed spear for 198 gold pieces
  4826 | D        | Bought the +14 obsidian axe {vorpal, Mesm Drain Fly SInv}
                  | for 2762 gold pieces
  4826 | D        | Found the +14 obsidian axe {vorpal, Mesm Drain Fly SInv}
  4830 | D        | Bought a condenser vane for 560 gold pieces
  4830 | D        | Bought the +2 hat of the Bear Spirit {Spirit, *Rage Will++}
                  | for 488 gold pieces
  4830 | D        | Found the +2 hat of the Bear Spirit {Spirit, *Rage Will++}
  4830 | D        | Bought a potion of heal wounds for 70 gold pieces
  4837 | D        | Noticed a tengu warrior
  4837 | D        | Noticed a boulder beetle
  4844 | D        | Reached skill level 1 in Axes
  4844 | D        | Reached skill level 5 in Evocations
  4850 | D        | Killed a tengu warrior
  4870 | D        | Killed a boulder beetle
  4908 | D        | Noticed an ice dragon
  4909 | D        | Noticed a green very ugly thing
  4909 | D        | Noticed a spriggan berserker
  4911 | D        | Noticed a stone giant
  4913 | D        | Noticed a spriggan air mage
  4920 | D        | Killed a green very ugly thing
  4921 | D        | Reached skill level 5 in Axes
  4925 | D        | Killed an ice dragon
  4931 | D        | Mangled by a spriggan berserker

Illustrated notes

Levels and vault maps discovered:
D:        linesprint [early_d, line_temple, items_1, d_10, items_2, lair_1,
          lair_end, items_3, orc_1, orc_end, items_4, d_15, swamp_1, shoals_1,
          snake_1, spider_1, d_20, vaults_1, items_5, swamp_end, shoals_end,
          snake_end, spider_end, vaults_end, d_27, items_6, zot_1, zot_end,
          crypt_end, forest_end, elf_end, slime_end, tomb_end, abyss_end,
          pan_hell_end]

Skill      XL: |  1  2  3  4  5  6  7  8  9 10 11 12 |
---------------+-------------------------------------+-----
Polearms       | 4 5 7 9 10 12 13 16 18 20 | 20.9
Fighting       | 4 5 7 8 10 11 12 14 16 18 | 18.8
Armour         | 3 5 6 7 8 9 10 12 13 | 13.7
Shields        | 4 5 6 7 8 |  8.5
Stealth        | 2 4 7 8 10 | 10.6
Evocations     | 1 2 3 4 5 |  5.4
Dodging        | 1 4 6 |  6.6
Axes           | 5 |  5.8

Action                   |  1- 3 |  4- 6 |  7- 9 | 10-12 || total
-------------------------+-------+-------+-------+-------++-------
Melee: Trident           |    31 |    21 |       |       ||    52
       Halberd           |       |     4 |    60 |   264 ||   328
       Broad axe         |       |       |       |    33 ||    33
Invok: Call Merchant     |       |       |       |     3 ||     3
Evoke: Wand              |       |     2 |     3 |     5 ||    10
       Phantom mirror    |       |       |       |     2 ||     2
       Condenser vane    |       |       |       |     1 ||     1
  Use: Potion            |     1 |     4 |     2 |       ||     7
       Scroll            |       |     1 |       |       ||     1
 Stab: Invisible         |       |       |     6 |     2 ||     8
       Distracted        |       |       |     1 |     1 ||     2
       Confused          |       |       |       |     1 ||     1
Armor: Scale mail        |     7 |     6 |       |       ||    13
       Chain mail        |       |     2 |    30 |    97 ||   129
Dodge: Dodged            |    13 |     9 |    13 |    68 ||   103
Block: Buckler           |     5 |     4 |       |       ||     9

Table legend: (Time is in decaauts)
 A = Elapsed time spent in this place.
 B = Non-inter-level travel time spent in this place.
 C = Inter-level travel time spent in this place.
 D = Time resting spent in this place.
 E = Time spent auto-exploring this place.
 F = Levels seen in this place.
 G = Mean time per level.
                   A        B        C        D        E       F      G
               +--------+--------+--------+--------+--------+-----+--------+
         Total |   4844 |   4844 |      0 |   2186 |   1293 |   1 | 4844.0 |
       Dungeon |   4844 |   4844 |      0 |   2186 |   1293 |   1 | 4844.0 |
               +--------+--------+--------+--------+--------+-----+--------+

Top non-repeatable levels by time:
       D: 4844 daAuts
